AoeStats
← Abraham

MegaRandom

506443425Analyzed
2v2 RM · 17d ago on Sep 13, 2026· 51m 34s· 4 players
Game mode
Random Map
Map size
Medium (4 player)
Population
200
Speed
Normal
Resources
Standard
Victory
Conquest
Starting age
Dark Age
Ending age
Imperial Age
RankedLock teamsTeams togetherTeam positionsShared explorationLock speedFull tech treeHidden civsTurbo modeCheats
Victory
Defeat
🇩🇪 Sicilians · Germany
1047
+17
🇩🇪 Hindustanis · Germany
1047
+17
🇧🇪 Gurjaras · Belgium
1085
-18
🇦🇲 Maya · Armenia
1035
-16
Inkencamilla
0:48 Loom
14:00 Feudal Age
21:06 Wheelbarrow
24:27 Castle Age
28:42 Forging
28:25 Fletching
28:35 Padded Archer Armor
35:26 Hand Cart
39:21 Imperial Age
36:39 Horse Collar
37:57 Double-Bit Axe
39:14 Iron Casting
38:44 Scale Barding Armor
39:26 Heavy Plow
39:42 Grand Trunk Road
39:54 Husbandry
40:05 Bloodlines
40:23 Bow Saw
40:05 Gold Mining
41:53 Conscription
40:57 Heavy Camel Rider
43:29 Blast Furnace
42:49 Chain Barding Armor
43:31 Imperial Camel Rider
51:58 Two-Man Saw
51:35 Gold Shaft Mining
50:51 Stone Mining
Filtravis
5:39 Loom
13:06 Feudal Age
14:27 Wheelbarrow
19:00 Castle Age
17:15 Forging
17:06 Scale Mail Armor
18:24 Double-Bit Axe
19:27 Fletching
21:59 Iron Casting
21:13 Arson
21:14 Gambesons
22:50 Chain Mail Armor
24:39 Bodkin Arrow
25:57 Scale Barding Armor
27:13 Bloodlines
30:31 Husbandry
30:59 Gold Mining
33:22 Chain Barding Armor
35:58 Imperial Age
34:45 Gold Shaft Mining
33:57 Horse Collar
35:12 Bow Saw
36:11 Cavalier
37:00 Hauberk
40:57 Plate Barding Armor
40:32 Heavy Plow
50:11 Blast Furnace
50:50 Conscription
LON | Trusttheprocess
12:10 Loom
14:32 Feudal Age
14:53 Fishing Lines
17:25 Double-Bit Axe
20:53 Castle Age
21:00 Fletching
21:48 Medium Warships
22:21 Wheelbarrow
22:37 Gillnets
26:26 Bow Saw
28:10 Horse Collar
29:12 Forging
31:43 Heavy Plow
33:44 Clinker Construction
34:44 Bodkin Arrow
39:51 Imperial Age
41:00 Heavy Warships
40:49 Bracer
42:01 Careening
43:27 Scale Mail Armor
44:03 Iron Casting
44:24 Ballistics
45:05 Chemistry
45:41 Treadmill Crane
46:35 Scale Barding Armor
46:16 Heavy Camel Rider
48:01 Husbandry
48:57 Bloodlines
52:13 Chain Barding Armor
Abraham
8:49 Loom
11:23 Feudal Age
11:50 Double-Bit Axe
11:47 Horse Collar
13:55 Wheelbarrow
15:36 Gold Mining
21:40 Castle Age
20:38 Forging
20:45 Stone Mining
21:21 Padded Archer Armor
21:54 Fletching
22:16 Crossbowman
23:03 Scale Mail Armor
28:27 Town Watch
28:52 Thumb Ring
28:49 Bodkin Arrow
32:42 Iron Casting
33:21 Stone Shaft Mining
33:42 Chain Mail Armor
33:43 Heavy Plow
34:34 Leather Archer Armor
35:53 Bow Saw
35:10 Eagle Warrior
35:56 Squires
38:03 Ballistics
42:59 Imperial Age
41:19 Masonry
42:47 Murder Holes
45:32 Arbalester
46:39 Pikeman
Connection lost

Rejoining the realm…

Still unreachable

The connection could not be restored.

Session expired

The server has moved on; the page needs a fresh start.